 Dungeon Crawl Stone Soup version 0.29-a0-892-g2c4c91d9db (webtiles) character file.

Game seed: 9287666021693604259

16832 Turgor the Cleaver (level 12, -3/99 HPs)
             Began as a Demonspawn Gladiator on July 22, 2022.
             Was a High Priest of Cheibriados.
             Slain by Rupert
             ... wielding a +3 great mace of protection
              (36 damage)
             ... on level 12 of the Dungeon.
             The game lasted 01:23:49 (14274 turns).

Turgor the Cleaver (Demonspawn Gladiator)          Turns: 14274, Time: 01:23:49

Health: -3/99      AC: 20    Str: 28    XL:     12   Next: 13%
Magic:  0/16       EV: 17    Int: 25    God:    Cheibriados [*****.]
Gold:   582        SH:  0    Dex: 27    Spells: 9/11 levels left

rFire   . . .      SeeInvis +   h - +4 war axe (flame)
rCold   . . .      Faith    .   (no shield)
rNeg    + . .      Spirit   +   K - +3 ring mail
rPois   .          Reflect  .   c - +0 helmet
rElec   .          Harm     .   j - +0 cloak of the Kangaroo {rN+ rCorr Stlth+}
rCorr   +          Rampage  .   (no gloves)
Will    .....                   g - +2 pair of boots
Stlth   ++........              (no amulet)
HPRegen 0.26/turn               M - ring of see invisible
MPRegen 0.30/turn               e - +4 ring of protection

@: mighty, very slow
A: rugged brown scales 1, spiny 1, magic shield, magic regeneration, demonic
touch 2
a: Renounce Religion, Bend Time, Temporal Distortion, Slouch, Step From Time


You were on level 12 of the Dungeon.
You worshipped Cheibriados.
Cheibriados was extremely pleased with you.
You visited 2 branches of the dungeon, and saw 13 of its levels.
You also visited: Sewer.

You collected 832 gold pieces.
You spent 250 gold pieces at shops.

Inventory:

Hand Weapons
 b - a +5 arbalest
 h - a +4 war axe of flaming (weapon)
 o - a +0 vorpal war axe
 s - a +4 scimitar of electrocution
 y - a +2 dagger of draining
 E - a +2 mace of venom
 H - a +1 war axe of electrocution
Missiles
 d - a throwing net
 f - a poisoned dart (quivered)
 i - 2 javelins
 r - 10 silver javelins
Armour
 c - a +0 helmet (worn)
 g - a +2 pair of boots (worn)
 j - the +0 cloak of the Kangaroo (worn) {rN+ rCorr Stlth+}
   (You acquired it on level 11 of the Dungeon)

   rN:        It protects you from negative energy.
   rCorr:     It protects you from acid and corrosion.
   Stlth:     It makes you more stealthy.
 K - a +3 ring mail (worn)
Jewellery
 e - a +4 ring of protection (right hand)
 G - a ring of protection from cold
 I - a ring of wizardry
 J - a ring of ice
 M - a ring of see invisible (left hand)
Wands
 D - a wand of polymorph (7)
Scrolls
 n - 2 scrolls of teleportation
 q - a scroll of fear {unknown}
 u - 2 scrolls of silence
 v - a scroll of enchant armour {unknown}
 w - a scroll of brand weapon {unknown}
 x - 3 scrolls of enchant weapon
 A - 3 scrolls of fog {unknown}
Potions
 a - 2 potions of heal wounds
 k - a potion of magic
 l - 4 potions of attraction
 m - 3 potions of flight
 p - a potion of ambrosia
 z - 3 potions of curing
 B - a potion of brilliance
 C - a potion of lignification {unknown}
 F - 2 potions of cancellation
 L - 2 potions of might
 N - a potion of mutation {unknown}


   Skills:
 + Level 9.7 Fighting
 * Level 12.5 Axes
 - Level 3.0 Throwing
 + Level 7.1 Armour
 + Level 6.8 Dodging
 + Level 6.0 Invocations


You had 9 spell levels left.
You knew the following spells:

 Your Spells              Type           Power      Damage    Failure   Level
a - Wereblood             Tmut           0%         N/A       28%         2

Your spell library contained the following spells:

 Spells                   Type           Power      Damage    Failure   Level
 Beastly Appendage        Tmut           0%         N/A       19%         1
 Slow                     Hex            0%         N/A       19%         1
 Summon Small Mammal      Summ           0%         N/A       19%         1
 Static Discharge         Conj/Air       0%         3-3/arc   28%         2
 Call Canine Familiar     Summ           0%         N/A       50%         3
 Confusing Touch          Hex            0%         N/A       50%         3
 Gell's Gravitas          Tloc           0%         N/A       50%         3
 Lesser Beckoning         Tloc           0%         N/A       50%         3
 Spider Form              Tmut/Pois      0%         N/A       50%         3
 Summon Guardian Golem    Hex/Summ       0%         N/A       50%         3
 Teleport Other           Tloc           0%         N/A       50%         3
 Vampiric Draining        Necr           0%         2d6       50%         3
 Fulminant Prism          Conj/Hex       0%         3d6       88%         4
 Iskenderun's Mystic Bla  Conj/Tloc      0%         2d3       88%         4
 Fireball                 Conj/Fire      0%         3d3       99%         5
 Lee's Rapid Deconstruct  Erth           0%         3d5*      99%         5
 Summon Forest            Summ/Tloc      0%         N/A       99%         5
 Summon Mana Viper        Hex/Summ       0%         N/A       99%         5
 Eringya's Noxious Bog    Tmut/Pois      0%         N/A       100%        6
 Starburst                Conj/Fire      0%         6d3       100%        6
 Summon Cactus Giant      Summ           0%         N/A       100%        6
 Summon Hydra             Summ           0%         N/A       100%        7
 Ignition                 Fire           0%         3d3       100%        8


Dungeon Overview and Level Annotations

Branches:
Dungeon (12/15)            Temple (1/1) D:4            Lair (0/5) D:10
    Orc (0/2) D:12          Sewer (visited)

Altars:
Ashenzari
Cheibriados
Dithmenos
Hepliaklqana
Kikubaaqudgha
Makhleb
Nemelex Xobeh
Qazlal
Ru
Sif Muna
Trog
Uskayaw
Vehumet
Wu Jian
Xom

Shops:
D:7 =   D:8 ?   D:10 [   D:12 [

Annotations:
D:12 Rupert


Innate Abilities, Weirdness & Mutations

You are partially covered in rugged brown scales. (AC +1, +3% HP)
You are partially covered in sharp spines.
When hurt, damage is shared between your health and your magic reserves.
You regenerate magic rapidly.
Your touch may inflict irresistible damage on your foes.


Message History

Okay, then.
Aiming: Fastroot
Press: ? - help, Shift-Dir - straight line, f - Rupert
Aim: Rupert, wielding a +3 great mace of protection and wearing a +1 ring mail of fire resistance The roots erupt in riotous growth!
Roots grab Rupert.
The now-empty wand crumbles to dust.
The grasping roots constrict Rupert.
Rupert escapes!
Throw: 2 darts (poison)
Press: ? - help, Q - select action, (/) - cycle Shift-Dir - straight line, f/p - Rupert
Aim: Rupert, wielding a +3 great mace of protection and wearing a +1 ring mail of fire resistance (lightly wounded, 73% to hit)
You throw a poisoned dart. The poisoned dart barely misses Rupert.
Rupert roars wildly at you.
You suddenly lose the ability to move!
You can move again.
You slash Rupert!
Rupert is lightly wounded.
You hit Rupert. Your touch misses Rupert.
Rupert is lightly wounded.
Rupert hits you with a +3 great mace of protection!
You slash Rupert! You burn Rupert.
Rupert is moderately wounded.
Rupert roars madly and goes into a rage!
Rupert goes berserk!
You barely miss Rupert.
Rupert is moderately wounded.
Rupert hits you but does no damage.
You hit Rupert. You burn Rupert.
Rupert is moderately wounded.
Rupert hits you but does no damage. Rupert is struck by your spines.
Rupert hits you with a +3 great mace of protection!!!
You feel very mighty all of a sudden. Rupert is struck by your spines.
Rupert hits you but does no damage.
Okay, then.
You slash Rupert! You burn Rupert.
Rupert is moderately wounded.
Rupert hits you with a +3 great mace of protection!!
Rupert is struck by your spines.
Rupert hits you with a +3 great mace of protection!!!
You die...

.# #...####..# #........# #. .#
##..# #..# #........# #. .# #..#
#..# #........# #. .# #..# #..#
#......<.# #.
.#######..####..####........####.
........................)........
.................................
#................................
#...............@................
#...............@................
#.....(..........................
#................................
#................................
#................................
#............[...................
#..<.........<..(.....<..........
#?...................(...........


You could see Rupert (berserk).

Vanquished Creatures
  Snorg (D:11)
  Fannar (D:12)
  Erolcha (D:11)
  A centaur warrior (D:12)
  A boulder beetle (D:11)
  Erica (D:10)
  2 two-headed ogres (D:9)
  An ugly thing (D:12)
  A cyclops (D:12)
  3 gargoyles
  5 trolls
  A snapping turtle (D:10)
  2 shadows
  2 water elementals
  2 centaur simulacra (D:12)
  A wraith (D:10)
  4 fire bats (D:11)
  A basilisk (D:11)
  11 yaks
  3 vampire mosquitoes (D:12)
  A hell hound (D:11)
  An acid dragon (D:9)
  2 water moccasins
  6 orc warriors
  8 ice beasts
  A black bear (D:6)
  A sky beast (D:8)
  2 ogres
  2 wolves (D:12)
  7 centaurs
  2 kobold brigands
  4 scorpions
  The ghost of p0werm0de the Chopper, a weakling MeCK of Xom (D:3)
  8 killer bees
  7 howler monkeys
  8 electric eels
  2 lava snakes (D:11)
  A jelly (D:4)
  5 hounds
  7 orc priests
  11 orc wizards
  Natasha (thrice) (D:2)
  4 iguanas
  8 gnolls
  9 adders
  3 river rats (D:4)
  A shadow imp (D:7)
  7 white imps
  4 ufetubi
  4 worms
  2 dart slugs
  32 orcs
  4 bats
  9 endoplasms
  4 giant cockroaches
  4 goblins
  7 hobgoblins
  11 jackals
  16 kobolds
  10 quokkas
  3 ball pythons
  5 frilled lizards
  8 rats
290 creatures vanquished.

Vanquished Creatures (others)
  A fire vortex (D:11)
  8 withered plants (D:5)
9 creatures vanquished.

Grand Total: 299 creatures vanquished

Notes
Turn   | Place    | Note
-------+----------+-------------------------------------------
     0 | D:1      | Turgor the Demonspawn Gladiator began the quest for the
                  | Orb.
     0 | D:1      | Reached XP level 1. HP: 16/16 MP: 1/1
   139 | D:1      | Reached skill level 3 in Axes
   151 | D:1      | Gained mutation: You regenerate magic rapidly. [demonic
                  | ancestry]
   151 | D:1      | Reached XP level 2. HP: 22/22 MP: 2/2
   234 | D:1      | Found a faded altar of an unknown god.
   886 | D:2      | Reached XP level 3. HP: 19/28 MP: 3/3
  1165 | D:2      | Noticed Natasha
  1171 | D:2      | Killed Natasha
  1172 | D:2      | Reached skill level 4 in Axes
  1172 | D:2      | Gained mutation: You are partially covered in sharp spines.
                  | [demonic ancestry]
  1172 | D:2      | Reached XP level 4. HP: 28/34 MP: 4/4
  1382 | D:2      | Noticed Natasha
  1387 | D:2      | Killed Natasha
  1833 | D:2      | Noticed Natasha
  1835 | D:2      | Reached XP level 5. HP: 30/41 MP: 5/5
  1853 | D:2      | Killed Natasha
  1987 | D:2      | Reached skill level 5 in Axes
  2629 | D:3      | Found a runed translucent gate.
  2629 | D:3      | Found a runed translucent gate.
  2631 | D:3      | Noticed p0werm0de's ghost (weakling MeCK)
  2632 | D:3      | Found a runed translucent gate.
  2842 | D:3      | Found a burning altar of Makhleb.
  3300 | D:4      | Reached XP level 6. HP: 40/48 MP: 6/6
  3368 | D:4      | Found a shimmering blue altar of Sif Muna.
  3388 | D:4      | Got Sif Muna's Teachings on the Sky
  3393 | D:4      | Found a bloodstained altar of Trog.
  3393 | D:4      | Noticed an orc warrior
  3429 | D:4      | HP: 2/43 [orc warrior/+0 short sword (3)]
  3431 | D:4      | Killed an orc warrior
  3473 | D:4      | Found a staircase to the Ecumenical Temple.
  3486 | Temple   | Entered the Ecumenical Temple
  3493 | Temple   | Became a worshipper of Cheibriados the Contemplative
  3555 | D:4      | Reached skill level 6 in Axes
  3574 | D:4      | Found a glowing drain.
  3584 | Sewer    | Entered a sewer
  3639 | Sewer    | Noticed a water moccasin
  3646 | Sewer    | Killed a water moccasin
  3647 | Sewer    | Reached XP level 7. HP: 48/55 MP: 7/7
  3948 | D:4      | Reached * piety under Cheibriados
  4031 | D:4      | Learned a level 2 spell: Wereblood
  4053 | D:5      | Entered Level 5 of the Dungeon
  4140 | D:5      | Reached skill level 5 in Fighting
  4227 | D:5      | Reached skill level 7 in Axes
  4327 | D:5      | Found an ancient bone altar of Kikubaaqudgha.
  4914 | D:5      | Gained mutation: When hurt, damage is shared between your
                  | health and your magic reserves. [demonic ancestry]
  4914 | D:5      | Reached XP level 8. HP: 63/63 MP: 8/8
  5441 | D:6      | Reached ** piety under Cheibriados
  5442 | D:6      | Reached skill level 1 in Armour
  5884 | D:3      | Killed p0werm0de's ghost
  6340 | D:6      | Reached skill level 8 in Axes
  6688 | D:6      | Reached *** piety under Cheibriados
  6937 | D:7      | Found a hide-covered altar of Uskayaw.
  7367 | D:7      | Found a shimmering altar of Xom.
  7566 | D:7      | Reached XP level 9. HP: 71/71 MP: 9/9
  7620 | D:7      | Found Xaucheqe's Jewellery Emporium.
  7696 | D:8      | Found Pohem's Magic Scroll Shoppe.
  7713 | D:8      | Reached skill level 9 in Axes
  8015 | D:8      | Bought a scroll of identify for 30 gold pieces
  8015 | D:8      | Bought a scroll of identify for 30 gold pieces
  8015 | D:8      | Bought a scroll of identify for 30 gold pieces
  8015 | D:8      | Bought a scroll of identify for 30 gold pieces
  8133 | D:8      | Found a broken altar of Ashenzari.
  8708 | D:9      | Reached **** piety under Cheibriados
  8709 | D:9      | Reached skill level 10 in Axes
  8832 | D:9      | Noticed a two-headed ogre
  8841 | D:9      | Killed a two-headed ogre
  8842 | D:9      | Reached skill level 1 in Invocations
  8842 | D:9      | Gained mutation: You are partially covered in rugged brown
                  | scales. (AC +1, +3% HP) [demonic ancestry]
  8842 | D:9      | Reached XP level 10. HP: 31/82 MP: 5/11
  9219 | D:9      | Found a shadowy altar of Dithmenos.
  9221 | D:9      | Noticed a two-headed ogre
  9231 | D:9      | Killed a two-headed ogre
  9840 | D:9      | Noticed a purple ugly thing
  9841 | D:9      | Noticed a two-headed ogre
  9935 | D:9      | Found a hazy altar of Hepliaklqana.
 10029 | D:10     | Entered Level 10 of the Dungeon
 10029 | D:10     | Noticed Urug
 10033 | D:10     | Noticed Urug
 10033 | D:10     | Urug changed into Urug the snapping turtle
 10053 | D:10     | Killed Urug the snapping turtle
 10277 | D:10     | Found a staircase to the Lair.
 10307 | D:10     | Noticed Erica
 10332 | D:10     | Killed Erica
 10333 | D:10     | Reached skill level 5 in Dodging
 10776 | D:10     | Reached skill level 5 in Armour
 10835 | D:10     | Found an ornate altar of the Wu Jian Council.
 10835 | D:10     | Found a stormy altar of Qazlal.
 11027 | D:10     | Found Siteimeakh's Antique Armour Shop.
 11034 | D:10     | Reached skill level 11 in Axes
 11055 | D:10     | Bought a pair of gloves for 130 gold pieces
 11081 | D:10     | Found a sacrificial altar of Ru.
 11955 | D:11     | Noticed Erolcha
 11967 | D:11     | Killed Erolcha
 11968 | D:11     | Gained mutation: Your touch may inflict minor irresistible
                  | damage on your foes. [demonic ancestry]
 11968 | D:11     | Reached XP level 11. HP: 72/89 MP: 11/14
 12093 | D:11     | Noticed a boulder beetle
 12107 | D:11     | Killed a boulder beetle
 12108 | D:11     | Reached skill level 5 in Invocations
 12117 | D:11     | Identified a scroll of acquirement
 12142 | D:11     | Acquired the +0 cloak of the Kangaroo {rN+ rCorr Stlth+}
 12425 | D:11     | Reached ***** piety under Cheibriados
 12607 | D:11     | Noticed Snorg
 12617 | D:11     | Killed Snorg
 13056 | D:12     | Noticed Fannar
 13224 | D:12     | Found a staircase to the Orcish Mines.
 13227 | D:12     | Noticed a centaur warrior
 13229 | D:12     | Found Xuly's Armour Shop.
 13237 | D:12     | Killed a centaur warrior
 13245 | D:12     | Reached skill level 12 in Axes
 13249 | D:12     | Killed Fannar
 13432 | D:12     | Noticed Rupert
 13734 | D:12     | Noticed a brown ugly thing
 13744 | D:12     | Killed a brown ugly thing
 13745 | D:12     | Gained mutation: Your touch may inflict irresistible damage
                  | on your foes. [demonic ancestry]
 13745 | D:12     | Reached XP level 12. HP: 85/98 MP: 13/16
 14264 | D:12     | Paralysed by Rupert for 3 turns
 14274 | D:12     | Slain by Rupert

Illustrated notes

Levels and vault maps discovered:
D:1:      wander_arrival_chamber, layout_basic,
          shapermc_ecumenical_altar_starsandcircs
D:2:      layout_loops_corners, minmay_cupped, uniq_natasha
D:3:      layout_loops_ring, mainiacjoe_overflow_boulevard,
          amcnicky_altar_gilded, biasface_ghost_orc_armoury,
          serial_co_window_serial, co_window_paths_a, co_window_paths_b,
          co_window_paths_a, co_window_paths_a, co_window_paths_a,
          co_window_broadway_b, co_window_corner_b, co_window_of_opportunity_b,
          glass_columns_b, glass_columns_a
D:4:      layout_basic, nzn_overflow_gifts_of_might_and_magic,
          minmay_temple_entry_glass, portal_sewer_entry_e
D:5:      layout_basic, kiku_gazebo_garden_becter, chequers_garden
D:6:      layout_loops_cross
D:7:      layout_gridville, kennysheep_mini, mainiacjoe_overflow_catwalk,
          serial_shops, shop
D:8:      layout_rooms, mainiacjoe_overflow_24_doors, serial_shops,
          nicolae_shop_statue_plus, serial_bayou_pond_e
D:9:      layout_irregular_city, marbit_many_paths,
          grunt_dithmenos_smoke_and_mirrors, solitary_fountain,
          onia_ninara_dug_in_and_dangerous
D:10:     layout_loops_ring, nicolae_ru_sacrificial_ziggurat,
          mainiacjoe_overflow_divided_tiny, lair_entry_dummy, serial_shops,
          nicolae_diamond_shop, uniq_urug, uniq_erica
D:11:     layout_basic, hangedman_incinerator, uniq_snorg, uniq_erolcha
D:12:     layout_small_grid, orc_david_3, serial_ice, serial_ice_m,
          serial_ice_d, serial_ice_i, serial_ice_c, serial_ice_e, serial_ice_a,
          serial_ice_n, serial_ice_h, serial_ice_g, serial_ice_f, uniq_fannar,
          uniq_rupert
Temple:   nicolae_temple_bog_church

Skill      XL: |  1  2  3  4  5  6  7  8  9 10 11 |
---------------+----------------------------------+-----
Axes           | 3 4 5 6 7 8 10 11 12 | 12.5
Fighting       | 3 4 5 6 7 8 9 |  9.7
Throwing       | 3 |  3.0
Armour         | 2 4 5 7 |  7.1
Dodging        | 3 4 5 6 |  6.8
Invocations    | 1 4 6 |  6.0

Action                   |  1- 3 |  4- 6 |  7- 9 | 10-12 || total
-------------------------+-------+-------+-------+-------++-------
Melee: War axe           |    69 |   156 |   248 |   302 ||   775
       Punch             |       |     4 |     6 |     7 ||    17
       Unarmed           |       |       |     2 |       ||     2
       Touch             |       |       |       |    35 ||    35
Throw: Throwing net      |     2 |     4 |       |       ||     6
       Javelin           |       |     1 |     1 |     4 ||     6
       Dart              |       |       |     4 |     9 ||    13
Invok: Slouch            |       |       |       |     2 ||     2
       Bend Time         |       |       |       |     1 ||     1
Evoke: Wand              |       |     2 |     1 |    10 ||    13
  Use: Potion            |       |     5 |     1 |     4 ||    10
       Scroll            |       |     3 |     9 |     6 ||    18
 Stab: Held in net/web   |       |     2 |       |       ||     2
       Sleeping          |       |       |     2 |     5 ||     7
       Distracted        |       |       |       |     1 ||     1
Armor: Leather armour    |    27 |    33 |    36 |       ||    96
       Ring mail         |       |       |    77 |   130 ||   207
       Skin              |       |       |     1 |       ||     1
Dodge: Dodged            |    38 |    75 |   125 |   209 ||   447

Table legend: (Time is in decaauts)
 A = Elapsed time spent in this place.
 B = Non-inter-level travel time spent in this place.
 C = Inter-level travel time spent in this place.
 D = Time resting spent in this place.
 E = Time spent auto-exploring this place.
 F = Levels seen in this place.
 G = Mean time per level.
                   A        B        C        D        E       F      G
               +--------+--------+--------+--------+--------+-----+--------+
         Total |  17849 |  16939 |    910 |   1162 |  12348 |  14 | 1274.9 |
       Dungeon |  17621 |  16719 |    902 |   1162 |  12306 |  12 | 1468.4 |
        Temple |     16 |      9 |      7 |      0 |      0 |   1 |   16.0 |
         Sewer |    211 |    211 |      0 |      0 |     42 |   1 |  211.0 |
               +--------+--------+--------+--------+--------+-----+--------+

Top non-repeatable levels by time:
    D:11: 2318 daAuts
     D:9: 1972 daAuts
    D:10: 1902 daAuts
     D:5: 1614 daAuts
     D:3: 1582 daAuts
    D:12: 1514 daAuts
     D:6: 1447 daAuts
     D:2: 1447 daAuts
     D:7: 1289 daAuts
     D:8: 889 daAuts
     D:1: 867 daAuts
     D:4: 775 daAuts
   Sewer: 211 daAuts
  Temple: 16 daAuts
